 Dungeon Crawl Stone Soup version 0.22-a0-433-gd2a9cce (webtiles) character file.

114 profreshinal the Chiller (level 4, -3/21 HPs)
             Began as a Vine Stalker Ice Elementalist on May 27, 2018.
             Was an Initiate of Okawaru.
             Slain by an iguana (13 damage)
             ... on level 4 of the Dungeon.
             The game lasted 00:09:53 (1606 turns).

profreshinal the Chiller (VSIE)                     Turns: 1606, Time: 00:09:53

Health: -3/21      AC:  2    Str: 11    XL:     4   Next: 98%
Magic:  0/9        EV: 12    Int: 16    God:    Okawaru [......]
Gold:   88         SH:  0    Dex: 14    Spells: 3/9 levels left

rFire    . . .     SeeInvis .   (no weapon)
rCold    . . .     Gourm    .   (no shield)
rNeg     . . .     Faith    .   a - +0 robe
rPois    .         Spirit   +   (no helmet)
rElec    .         Reflect  .   (no cloak)
rCorr    .         Harm     .   (no gloves)
MR       .....                  (no boots)
Stlth    ++........             (no amulet)
HPRegen  0.47/turn              (no ring)
MPRegen  0.11/turn              (no ring)

@: no status effects
A: fangs 2, regeneration 1, magic shield, antimagic bite, no potion heal 3, rot
immunity
a: Renounce Religion


You were on level 4 of the Dungeon.
You worshipped Okawaru.
Okawaru was noncommittal.
You were not hungry.

You visited 1 branch of the dungeon, and saw 4 of its levels.

You collected 88 gold pieces.

Inventory:

Armour
 a - a +0 robe (worn)
Scrolls
 b - a scroll of fog {unknown}
 e - a scroll of random uselessness {unknown}
 k - 2 scrolls of immolation {unknown}
 l - a scroll of identify {unknown}
 m - a scroll of blinking {unknown}
Potions
 d - a potion of magic {unknown}
 f - a potion of flight {unknown}
 g - a potion of haste {unknown}
 h - a potion of heal wounds {unknown}
 i - a potion of curing {unknown}
 j - 2 potions of mutation {unknown}
Comestibles
 c - 2 rations
 n - a chunk of flesh


   Skills:
 + Level 0.6 Fighting
 - Level 1.5 Dodging
 - Level 2.4 Stealth
 + Level 3.0 Spellcasting
 + Level 1.2 Conjurations
 * Level 4.8 Ice Magic


You had 3 spell levels left.
You knew the following spells:

 Your Spells              Type           Power        Failure   Level  Hunger
a - Freeze                Ice            ###.         2%          1    #......
b - Throw Frost           Conj/Ice       ##....       9%          2    ##.....
c - Ozocubu's Armour      Chrm/Ice       ##......     21%         3    ###....

Your spell library contained the following spells:

 Spells                   Type           Power        Failure   Level  Hunger
 Summon Ice Beast         Ice/Summ       ##......     56%         4    #####..
 Throw Icicle             Conj/Ice       ##......     47%         4    #####..


Dungeon Overview and Level Annotations

Branches:
Dungeon (4/15)
 Temple: D:4-7

Altars:
Hepliaklqana
Okawaru


Innate Abilities, Weirdness & Mutations

You have extremely sharp teeth.
Your natural rate of healing is unusually fast.
When hurt, damage is shared between your health and your magic reserves.
Your bite disrupts and absorbs the magic of your enemies.
Potions cannot restore your health.
You are immune to rotting.


Message History

The iguana is almost dead.
You closely miss the iguana. Your bite misses the iguana.
The iguana is almost dead.
The iguana barely misses you.
You hit the iguana but do no damage.
The iguana is almost dead.
The iguana bites you.
You closely miss the iguana.
The iguana is almost dead.
You completely miss the iguana.
The iguana is almost dead.
The iguana bites you.
You hit the iguana but do no damage.
The iguana is almost dead.
The iguana misses you.
You hit the iguana but do no damage. Your bite misses the iguana.
The iguana is almost dead.
The iguana bites you!
Ouch! That really hurt!
You die...

#. #. ###
..##.##
.#...##
..... #...#
##..l##
##..@..##
#.?<....#
##......#
#....#.#
.........
#..#.##.##.
#..#.# ...
. #..#..
... #.. .#
#.


You could see an iguana.

Vanquished Creatures
  A gnoll (D:1)
  5 adders (D:2)
  3 worms (D:2)
  4 leopard geckos
  A ball python (D:2)
  3 giant cockroaches
  8 goblins
  4 hobgoblins
  6 kobolds
  5 bats
  5 frilled lizards
  3 rats
48 creatures vanquished.

Notes
Turn   | Place    | Note
-------+----------+-------------------------------------------
     0 | D:1      | profreshinal the Vine Stalker Ice Elementalist began the quest for the Orb.
     0 | D:1      | Reached XP level 1. HP: 9/9 MP: 4/4
   133 | D:1      | Reached XP level 2. HP: 13/13 MP: 4/6
   241 | D:1      | Learned a level 2 spell: Throw Frost
   342 | D:1      | Reached XP level 3. HP: 2/16 MP: 0/7
   706 | D:1      | Reached skill level 4 in Ice Magic
   908 | D:2      | Gained mutation: Your natural rate of healing is unusually fast. [Vine Stalker growth]
   908 | D:2      | Reached XP level 4. HP: 15/21 MP: 0/9
   933 | D:1      | Learned a level 3 spell: Ozocubu's Armour
  1098 | D:2      | Found an iron altar of Okawaru.
  1111 | D:2      | Became a worshipper of Warmaster Okawaru
  1352 | D:2      | Found a hazy altar of Hepliaklqana.
  1606 | D:4      | Slain by an iguana

Vault maps used:
D:1:      shiori_arrival_maze, minmay_heptomino_h4
D:2:      marbit_many_paths, okawaru_ov_weapons_minmay
D:3:      old_standard_altar
D:4:      nemelex_xobeh_ov_fountains_minmay, first_ration

Skill      XL: |  1  2  3  4 |
---------------+-------------+-----
Ice Magic      | 4 |  4.8
Spellcasting   | 3 |  3.0
Fighting       | |  0.6
Dodging        | |  1.5
Stealth        | |  2.4
Conjurations   | |  1.2

Action                   |  1- 3 |  4- 6 || total
-------------------------+-------+-------++-------
Melee: Unarmed           |       |     7 ||     7
 Cast: Freeze            |    37 |    47 ||    84
       Throw Frost       |     4 |       ||     4
       Ozocubu's Armour  |       |     1 ||     1
  Eat: Chunk             |       |     3 ||     3
Armor: Robe              |     1 |     3 ||     4
Dodge: Dodged            |    15 |    25 ||    40

Table legend:
 A = Spawn XP
 B = Non-spawn XP
 C = Spawn XP percentage of total XP
 D = Spawn monster count
 E = Non-spawn monster count
 F = Spawn count percentage of total count
 G = Total turns spent on level
                    A         B        C        D         E        F      G
               +---------+---------+-------+---------+---------+-------+---------
         Total |       0 |     164 |   0.0 |       0 |      48 |   0.0 |  1606
               +---------+---------+-------+---------+---------+-------+---------
           D:1 |       0 |      50 |   0.0 |       0 |      22 |   0.0 |   917
           D:2 |       0 |     111 |   0.0 |       0 |      24 |   0.0 |   651
           D:3 |       0 |       3 |   0.0 |       0 |       2 |   0.0 |    25
               +---------+---------+-------+---------+---------+-------+---------
